 Dungeon Crawl Stone Soup version 0.23.2-1-ga50397a (webtiles) character file.

Game seed: 15395960817704576296

67 Gazerockf the Scratcher (level 4, 0/21 HPs)
             Began as a Felid Berserker on May 23, 2019.
             Was a Believer of Trog.
             Slain by an adder (5 damage)
             ... on level 2 of the Dungeon on May 24, 2019.
             The game lasted 00:03:59 (1445 turns).

Gazerockf the Scratcher (Felid Berserker)           Turns: 1445, Time: 00:04:00

Health: 0/21       AC:  1    Str: 13    XL:     4   Next: 0%
Magic:  5/5        EV: 19    Int:  8    God:    Trog [**....]
Gold:   74         SH:  0    Dex: 16    Spells: 3/3 levels left
                                        Lives:  0   Deaths: 1

rFire    . . .     SeeInvis +     - Unarmed
rCold    . . .     Gourm    .   (shield unavailable)
rNeg     . . .     Faith    +   (armour unavailable)
rPois    +         Spirit   .   (helmet unavailable)
rElec    .         Reflect  .   (cloak unavailable)
rCorr    .         Harm     .   (gloves unavailable)
MR       .....                  (boots unavailable)
Stlth    +++.......             k - amulet of faith
HPRegen  0.07/turn              c - ring of stealth
MPRegen  0.09/turn              d - ring of poison resistance

@: quick
A: very small, no armour, no weapons or thrown items, stealth, claws 1, fangs 3,
see invisible, carnivore, speed 1, shaggy fur 1, slow metabolism 1, sharp paws
a: Berserk, Trog's Hand, Renounce Religion


You were on level 2 of the Dungeon.
You worshipped Trog.
Trog was pleased with you.
You were not hungry.

You visited 1 branch of the dungeon, and saw 2 of its levels.

You collected 74 gold pieces.

Inventory:

Jewellery
 c - a ring of stealth (left paw)
 d - a ring of poison resistance (right paw)
 k - an amulet of faith (around neck)
Scrolls
 g - a scroll of identify {unknown}
 i - a scroll of amnesia {unknown}
 j - a scroll of enchant weapon {unknown}
 l - a scroll of remove curse {unknown}
 m - a scroll of teleportation {unknown}
Potions
 b - 2 potions of curing {unknown}
 e - a potion of haste {unknown}
 f - a potion of degeneration {unknown}
 h - a potion of agility {unknown}
Comestibles
 a - a ration


   Skills:
 - Level 3.5 Fighting
 - Level 4.3 Dodging
 * Level 5.0 Unarmed Combat


You had 3 spell levels left.
You didn't know any spells.
Your spell library was empty.

Dungeon Overview and Level Annotations

Branches:
Dungeon (2/15)

Altars:


Innate Abilities, Weirdness & Mutations

You cannot wear armour.
You are incapable of wielding weapons or throwing items.
Your paws allow you to move quietly. (Stealth)
You have sharp claws.
You have razor-sharp teeth.
You have supernaturally acute eyesight. (SInv)
You are carnivorous and can eat meat at any time.
You cover ground quickly.
You are covered in fur. (AC +1)
You have a slow metabolism.
Your sharp claws are effective at attacking unaware monsters.


Message History

Welcome back to level 4!
The adder hisses angrily.
You see here a ball python corpse.
The adder bites you.
You see here a ball python corpse.
An adder is nearby!
An adder is nearby!
An adder is nearby!
An adder is nearby!
An adder is nearby!
An adder is nearby!
An adder is nearby!
The adder bites you. The adder barely misses you. The adder misses you.
The adder barely misses you. The adder bites you.
* * * LOW HITPOINT WARNING * * *
The adder bites you.
You die...

######### #...>.@.#
###......S########
#.............†..######
#.........[...........#
.#.......######.####.#
#.......######.# #.#
#..............####.###
#......†.#####.........
#.###..#............###


You could see an adder.

Vanquished Creatures
  4 adders (D:2)
  4 gnolls (D:2)
  An ooze (D:2)
  A dart slug (D:2)
  A leopard gecko (D:1)
  2 giant cockroaches (D:1)
  5 goblins
  5 hobgoblins
  3 jackals (D:1)
  A quokka (D:2)
  A ball python (D:2)
  A bat (D:1)
  A frilled lizard (D:2)
  3 kobolds
  5 rats
38 creatures vanquished.

Notes
Turn   | Place    | Note
-------+----------+-------------------------------------------
     0 | D:1      | Gazerockf the Felid Berserker began the quest for the Orb.
     0 | D:1      | Reached XP level 1. HP: 10/10 MP: 2/2
   349 | D:1      | Reached XP level 2. HP: 13/14 MP: 3/3
   703 | D:2      | Reached XP level 3. HP: 9/17 MP: 4/4
   736 | D:2      | Reached skill level 4 in Unarmed Combat
   967 | D:2      | Reached XP level 4. HP: 12/21 MP: 0/5
  1112 | D:2      | Reached ** piety under Trog
  1186 | D:2      | Slain by a gnoll
  1187 | D:2      | Reached XP level 3. HP: -2/25 MP: 4/4
  1393 | D:2      | Reached skill level 5 in Unarmed Combat
  1430 | D:2      | Reached XP level 4. HP: 11/21 MP: 5/5
  1445 | D:2      | Slain by an adder

Skill      XL: |  1  2  3 |
---------------+----------+-----
Unarmed Combat | 5 |  5.0
Fighting       | |  3.5
Dodging        | |  4.3

Action                   |  1- 3 |  4- 6 || total
-------------------------+-------+-------++-------
Melee: Unarmed           |    90 |    20 ||   110
       Bite              |    12 |     2 ||    14
Invok: Berserk           |     2 |     1 ||     3
 Stab: Sleeping          |     4 |     1 ||     5
  Eat: Chunk             |    10 |     1 ||    11
Armor: Skin              |     6 |       ||     6
Dodge: Dodged            |    76 |    27 ||   103
